 Dungeon Crawl Stone Soup version 0.26.0-45-g9c1d065592 (webtiles) character file.

Game seed: 13171694448536688900

1605 growler the Digger (level 8, -1/41 HPs)
             Began as a Gargoyle Earth Elementalist on Jan 30, 2021.
             Slain by an ice beast (11 damage)
             ... on level 5 of the Dungeon.
             The game lasted 00:17:25 (6813 turns).

growler the Digger (Gargoyle Earth Elementalist)    Turns: 6813, Time: 00:17:26

Health: -1/41      AC:  8    Str: 13    XL:     8   Next: 94%
Magic:  6/15       EV: 12    Int: 17    God:
Gold:   339        SH:  0    Dex: 10    Spells: 2/17 levels left

rFire    . . .     SeeInvis .   s - +1 whip (flame)
rCold    . . .     Faith    .   (no shield)
rNeg     + + .     Spirit   .   c - +0 robe
rPois    ∞         Reflect  .   (no helmet)
rElec    +         Harm     .   (no cloak)
rCorr    .         Rampage  .   l - +0 pair of gloves
Will     .....                  (no boots)
Stlth    ++........             (no amulet)
HPRegen  0.13/turn              i - ring of positive energy
MPRegen  0.14/turn              (no ring)

@: no status effects
A: negative energy resistance 1, electricity resistance, unbreathing,
petrification resistance, miasma immunity, AC +5
a: no special abilities


You were on level 5 of the Dungeon.
You visited 1 branch of the dungeon, and saw 6 of its levels.

You collected 339 gold pieces.

Inventory:

Hand Weapons
 s - a +1 whip of flaming (weapon)
   (You took it off Pikel on level 4 of the Dungeon)
Missiles
 b - 84 stones
Armour
 c - a +0 robe (worn)
 h - a +0 kite shield
   (You found it on level 1 of the Dungeon)
 l - a +0 pair of gloves (worn)
   (You found it on level 2 of the Dungeon)
Jewellery
 i - a ring of positive energy (left hand)
   (You found it on level 1 of the Dungeon)
Scrolls
 a - 2 scrolls of enchant armour {unknown}
 f - 4 scrolls of remove curse {@r2}
 j - a scroll of identify {@r1}
 m - 2 scrolls of magic mapping
 n - a scroll of blinking
 t - 2 scrolls of teleportation {unknown}
Potions
 d - 3 potions of heal wounds {@q2}
 e - a potion of degeneration {!q}
 g - 3 potions of invisibility
 k - 2 potions of mutation {!q}
 o - a potion of berserk rage
 p - 2 potions of might
 r - 4 potions of curing {@q1}


   Skills:
 - Level 1.5 Dodging
 - Level 2.1 Stealth
 - Level 5.0 Spellcasting
 + Level 6.1 Conjurations
 + Level 4.7 Transmutations
 + Level 7.2 Earth Magic


You had 2 spell levels left.
You knew the following spells:

 Your Spells              Type           Power        Failure   Level
a - Sandblast             Erth           56%          1%          1
b - Lee's Rapid Deconstr  Erth           14%          21%         5
c - Petrify               Tmut/Erth      24%          12%         4
q - Passwall              Tmut/Erth      20%          1%          2
x - Stone Arrow           Conj/Erth      54%          2%          3

Your spell library contained the following spells:

 Spells                   Type           Power        Failure   Level
 Confusing Touch          Hex            4%           38%         3
 Gell's Gravitas          Tloc           2%           38%         3
 Yara's Violent Unravell  Hex/Tmut       6%           83%         5
 Metabolic Englaciation   Hex/Ice        2%           98%         5


Dungeon Overview and Level Annotations

Branches:
Dungeon (6/15)
 Temple: D:4-7

Altars:
Yredelemnul

Annotations:
D:2 Sigmund


Innate Abilities, Weirdness & Mutations

You are resistant to torment.
Your stone body is resilient. (AC +5)
You are immune to poison.
You resist negative energy. (rN+)
You are resistant to electric shocks. (rElec)
You can survive without breathing.
You are immune to petrification.
You are immune to miasma.


Message History

No target in view!
You see here a +0 giant club.
An orc wizard comes into view. It is wielding a +0 dagger.
An adder comes into view.
An electric eel comes into view.
The adder hisses angrily.
Aim: an adder (47% to evade)
The stone arrow hits the adder!
You kill the adder!
A howler monkey comes into view.
The howler monkey howls!
You hear a shout!
Found a pair of gloves.
Aim: an electric eel (32% to evade)
The blast of sand hits the electric eel.
Aim: an electric eel (moderately wounded, 32% to evade)
The blast of sand misses the electric eel.
The electric eel shoots out a bolt of lightning at you!
The bolt of electricity hits you. You resist.
Aim: an electric eel (moderately wounded, 32% to evade)
The blast of sand hits the electric eel!
You kill the electric eel!
You hear a splash.
Aim: a howler monkey (22% to evade)
The blast of sand hits the howler monkey!!
You kill the howler monkey!
A hound comes into view.
The hound barks!
An ice beast and an orc priest come into view.
Aim: a hound (27% to evade)
The blast of sand hits the hound!
The hound bites you but does no damage.
Aim: a hound (almost dead, 27% to evade)
The blast of sand hits the hound!
You kill the hound!
You see here a +0 giant club.
There is a stone staircase leading up here.
Aim: an ice beast (29% to evade)
The stone arrow hits the ice beast!
Aim: an ice beast (moderately wounded, 29% to evade)
The stone arrow misses the ice beast.
The ice beast hits you but does no damage. x2
You climb upwards.
There is a stone staircase leading down here.
The ice beast hits you. The ice beast freezes you! The ice beast misses you.
The ice beast hits you. The ice beast freezes you!
* * * LOW HITPOINT WARNING * * *
Unknown command.
The ice beast hits you.
* * * LOW HITPOINT WARNING * * *
The ice beast freezes you!
You die...

..#### #.#.#########
########.#.# #.....#
.......#.#.# #.###.#
.......#.#.# #.###.####
.......#.#.# #........#
.......#.#.###.###<####
..).........##.# #.#
#........#.###.###.#########
#.............YY@..........#
#...........################
#........####
#.....###############
#.###.### #.........#
#.......###.........#
..###.#.............#
#.###...............#
....................#


You could see 2 ice beasts.

Vanquished Creatures
  Pikel (D:4)
  A sky beast (D:5)
  5 ogres
  An electric eel (D:6)
  A howler monkey (D:6)
  3 hounds
  A jelly (D:5)
  2 orc priests
  4 orc wizards
  2 worker ants
  9 adders
  A gnoll (D:1)
  A howler monkey skeleton (D:4)
  A white imp (D:6)
  2 ufetubi
  2 worms (D:3)
  3 dart slugs
  3 leopard geckos
  13 orcs
  3 ball pythons
  5 bats
  7 giant cockroaches
  3 goblins
  9 hobgoblins
  5 jackals
  A quokka (D:4)
  5 frilled lizards
  7 kobolds
  A leopard gecko skeleton (D:4)
  A quokka skeleton (D:5)
  5 rats
108 creatures vanquished.

Vanquished Creatures (others)
  13 plants (D:6)
13 creatures vanquished.

Grand Total: 121 creatures vanquished

Notes
Turn   | Place    | Note
-------+----------+-------------------------------------------
     0 | D:1      | growler the Gargoyle Earth Elementalist began the quest for
                  | the Orb.
     0 | D:1      | Reached XP level 1. HP: 10/10 MP: 3/3
   118 | D:1      | Reached skill level 4 in Earth Magic
   130 | D:1      | Reached XP level 2. HP: 10/15 MP: 3/5
   239 | D:1      | Learned a level 2 spell: Passwall
   577 | D:1      | Reached XP level 3. HP: 19/19 MP: 6/6
   581 | D:1      | Reached skill level 5 in Earth Magic
   610 | D:1      | Learned a level 3 spell: Stone Arrow
  1295 | D:2      | Noticed Sigmund
  2325 | D:2      | Reached XP level 4. HP: 24/24 MP: 4/7
  3743 | D:2      | Reached skill level 6 in Earth Magic
  4019 | D:3      | Reached XP level 5. HP: 28/28 MP: 5/8
  4083 | D:3      | Reached skill level 7 in Earth Magic
  4188 | D:3      | Reached skill level 1 in Transmutations
  4334 | D:3      | Found a basalt altar of Yredelemnul.
  4441 | D:4      | Reached skill level 1 in Conjurations
  4516 | D:4      | Reached XP level 6. HP: 26/32 MP: 3/9
  4978 | D:4      | Reached XP level 7. HP: 36/36 MP: 8/11
  5479 | D:5      | Entered Level 5 of the Dungeon
  5737 | D:5      | Noticed Pikel
  5787 | D:4      | Killed Pikel
  5788 | D:4      | Reached XP level 8. HP: 22/41 MP: 0/15
  5954 | D:5      | Reached skill level 5 in Conjurations
  6258 | D:5      | Reached skill level 5 in Spellcasting
  6716 | D:6      | Learned a level 5 spell: Lee's Rapid Deconstruction
  6721 | D:6      | Learned a level 4 spell: Petrify
  6813 | D:5      | Slain by an ice beast

Illustrated notes

Levels and vault maps discovered:
D:1:      eino_arrival_cavern_e, layout_basic, minivault_24, minmay_distorted
D:2:      layout_loops_ring, minmay_tetromino_t4, uniq_sigmund
D:3:      layout_basic, lemuel_doored_altar
D:4:      layout_basic
D:5:      layout_basic, minivault_11, uniq_pikel
D:6:      layout_loops_cross, serial_bayou, serial_bayou_ford_a,
          serial_bayou_crossing, serial_bayou_pond_c, serial_bayou_shore_b,
          uniq_crazy_yiuf_cottage

Skill      XL: |  1  2  3  4  5  6  7  8 |
---------------+-------------------------+-----
Earth Magic    | 4 5 6 7 |  7.2
Transmutations | 1 2 3 4 |  4.7
Conjurations   | 1 3 4 6 |  6.1
Spellcasting   | 3 4 5 |  5.0
Dodging        | |  1.5
Stealth        | |  2.1

Action                   |  1- 3 |  4- 6 |  7- 9 || total
-------------------------+-------+-------+-------++-------
Melee: Whip              |    86 |       |     2 ||    88
       Mace              |    24 |    97 |    21 ||   142
 Cast: Sandblast         |    26 |    58 |    51 ||   135
       Stone Arrow       |       |     7 |    12 ||    19
  Use: Scroll            |     5 |       |     9 ||    14
 Stab: Sleeping          |     4 |     2 |       ||     6
Armor: Robe              |    55 |    54 |    27 ||   136
Dodge: Dodged            |    91 |    97 |    28 ||   216
